 Dungeon Crawl Stone Soup version 0.31-a0-246-g8cbcc1cb85 (webtiles) character file.

Game seed: 13435575659583327248

93 spiderkeys the Chopper (level 4, -5/35 HPs)
             Began as a Demonspawn Gladiator on July 12, 2023.
             Slain by a gnoll
             ... wielding a +0 flail
             ... led by a gnoll bouda
              (7 damage)
             ... on level 3 of the Dungeon.
             The game lasted 00:03:55 (2417 turns).

spiderkeys the Chopper (Demonspawn Gladiator)       Turns: 2417, Time: 00:03:56

Health: -5/35      AC: 11    Str: 17    XL:     4   Next: 36%
Magic:  4/4        EV:  8    Int:  9    God:
Gold:   99         SH:  0    Dex: 14    Spells: 3/3 levels left

rFire   . . .        a - +0 war axe
rCold   . . .        (no shield)
rNeg    . . .        n - +0 chain mail
rPois   .            c - +0 helmet
rElec   .            (no cloak)
rCorr   .            (no gloves)
SInv    .            (no boots)
Will    .....        (no amulet) Stlth
                     (no ring)
HPRegen 0.25/turn    (no ring)
MPRegen 0.09/turn

%: no passive effects
@: no status effects
A: molten scales 1
a: no special abilities


You were on level 3 of the Dungeon.
You visited 1 branch of the dungeon, and saw 3 of its levels.

You collected 99 gold pieces.


Innate Abilities, Weirdness & Mutations

You are partially covered in molten scales. (AC +2)


   Skills:
 + Level 3.0 Fighting
 + Level 3.4 Axes
 + Level 2.5 Throwing
 + Level 0.5 Armour
 - Level 3.0 Dodging


You had 3 spell levels left.
You didn't know any spells.
Your spell library contained the following spells:

 Spells                   Type           Power      Damage    Failure   Level
 Magic Dart               Conj           0%         1d3       99%         1
 Call Imp                 Summ           0%         N/A       100%        2
 Inner Flame              Hex/Fire       0%         N/A       100%        3
 Mephitic Cloud           Conj/Pois/Air  0%         N/A       100%        3
 Flame Wave               Conj/Fire      0%         2d4       100%        4
 Sticky Flame             Conj/Fire      0%         2d3       100%        4

Inventory:

Hand Weapons
 a - a +0 war axe (weapon)
Missiles
 d - 3 throwing nets (quivered) {=f!f}
 e - a javelin
 j - 19 stones
Armour
 c - a +0 helmet (worn)
 g - a +0 ring mail
   (You found it on level 1 of the Dungeon)
 m - a +0 ring mail
   (You found it on level 2 of the Dungeon)
 n - a +0 chain mail (worn)
   (You found it on level 2 of the Dungeon)
Jewellery
 T - an amulet of faith {!P}
   (You found it on level 1 of the Dungeon)
Talismans
 l - a blade talisman
   (You found it on level 2 of the Dungeon)
Scrolls
 o - a scroll of teleportation {unknown}
 p - a scroll of identify {unknown}
 q - a scroll of amnesia {unknown}
Potions
 b - a potion of heal wounds {unknown}
 f - a potion of magic {unknown}
 h - a potion of curing {unknown}
 i - 2 potions of mutation {unknown}
 k - a potion of might {unknown}

Dungeon Overview and Level Annotations

Branches:
Dungeon (3/15) Zot: 15534

Altars:

Shops:
D:1

( ....#.... ...#...
#.......# .......# #
...... .. .g#.# # ##.
#g#.##.# .... #@g..◑.#
#....##.g.####
.......>..##############
.....##.#...............
.... #.####..##########
... #.# #..# ..
#.####..# . #.......#
#######.#


You could see 4 gnolls.


Message History

You hit the orc. You slash the orc!
You kill the orc!
An orc comes into view. It is wielding a +0 falchion.
You closely miss the orc. The orc barely misses you.
A gnoll bouda comes into view. It is wielding a +0 club.
A gnoll comes into view. It is wielding a +0 flail.
The gnoll shouts!
You hit the orc. You hit the orc but do no damage.
You hear a shout! x2
The orc closely misses you.
A gnoll comes into view. It is wielding a +0 flail.
The orc closely misses you. The orc hits you but does no damage. x2
You barely miss the orc. You hit the orc. The orc barely misses you. x2
You barely miss the orc. You hit the orc.
You kill the orc!
The orc hits you but does no damage.
You hit the orc.
You kill the orc!
You hit the orc.
The gnoll bouda barks out a call to the hunt!
The gnolls pick up the pace!
The orc hits you but does no damage. The orc barely misses you.
You slash the orc!
You kill the orc!
You slash the orc!
You kill the orc!
The gnoll hits you with a +0 flail. 😕 HP[-6]
You take 6 damage, and now have 22/28 hp.
MASSIVE DAMAGE!! (PAUSE)
Press: ? - help, v - describe, . - travel, g - get item Item here: a beast talisman.
The floor.
You slash the gnoll! The gnoll barely misses you. 😕 HP[+1]
You closely miss the gnoll. The gnoll hits you but does no damage.
The gnoll bouda calls upon its god to heal the gnoll.
The gnoll is healed somewhat.
You hit the gnoll but do no damage. The gnoll completely misses you.
The gnoll bouda barks out a call to the hunt!
The gnoll hits you with a +0 whip. 😕 HP[-1]
You take 1 damage, and now have 22/28 hp.
You hit the gnoll. You hit the gnoll but do no damage.
The gnoll barely misses you.
A gnoll comes into view. It is wielding a +0 flail.
The gnoll hits you but does no damage.
The gnoll moves out of view. 😕 HP[+1]
You hit the gnoll bouda. You barely miss the gnoll.
The gnoll completely misses you.
The gnoll bouda hits you with a +0 club. 😮 HP[-6]
You take 6 damage, and now have 17/28 hp.
MASSIVE DAMAGE!! (PAUSE)
You hit the gnoll bouda but do no damage.
You hit the gnoll but do no damage. The gnoll hits you but does no damage.
The gnoll bouda barely misses you.
You slash the gnoll bouda! You hit the gnoll.
The gnoll hits you with a +0 flail.
* * * LOW HITPOINT WARNING * * *
The gnoll bouda hits you but does no damage.
The gnoll hits you but does no damage. 😨 HP[-4]
You take 4 damage, and now have 13/28 hp.
You hit the gnoll bouda.
You kill the gnoll bouda!
You hit the gnoll but do no damage.
The gnoll is no longer moving quickly.
The gnoll closely misses you.
The ball python bites you but does no damage.
The ball python grabs you. The ball python constricts you.
Your Fighting skill increases to level 3!
You have reached level 4!
You feel stronger. 😨 HP[+3] MP[+1]
You now have 35 max hp (+7).
You regained 3 hp, and now have 16/35 hp.
Your mp is fully restored (4).
You hit the gnoll but do no damage. You hit the ball python.
You kill the ball python!
You barely miss the gnoll.
The gnoll hits you but does no damage. x2
The gnoll hits you with a +0 flail.
* * * LOW HITPOINT WARNING * * *
😨 HP[-3]
You take 3 damage, and now have 13/35 hp.
You hit the gnoll but do no damage. You hit the gnoll.
You hit the gnoll but do no damage.
The gnoll is no longer moving quickly.
The gnoll hits you but does no damage. The gnoll hits you with a +0 flail.
* * * LOW HITPOINT WARNING * * *
The gnoll hits you with a +0 flail.
* * * LOW HITPOINT WARNING * * *
The gnoll hits you but does no damage. The gnoll closely misses you. 😱 HP[-7]
You take 7 damage, and now have 6/35 hp.
You hit the gnoll but do no damage. You closely miss the gnoll.
You slash the gnoll! The gnoll barely misses you.
The gnoll hits you with a +0 flail.
* * * LOW HITPOINT WARNING * * *
The gnoll hits you with a +0 flail!
You die...

Skill      XL: |  1  2  3 |
---------------+----------+-----
Throwing       | 2 |  2.5
Axes           | 3 |  3.4
Dodging        | 3 |  3.0
Fighting       | 3 |  3.0
Armour         | |  0.5

Action                     |  1- 3 |  4- 6 || total
---------------------------+-------+-------++-------
  Melee: War axe           |   131 |     3 ||   134
 Armour: Leather armour    |    21 |       ||    21
         Ring mail         |    27 |       ||    27
         Chain mail        |    19 |     4 ||    23
         Skin              |     1 |       ||     1
  Dodge: Dodged            |   105 |     2 ||   107
         Form:             |     1 |       ||     1
         Blade             |     1 |       ||     1

Levels and vault maps discovered:
D:1:      dpeg_arrival_houses_and_road, layout_loops_ring, serial_shops,
          nicolae_shop_peninsula
D:2:      layout_loops_corners
D:3:      layout_basic, ebering_ecumenical_altar_rust, nicolae_grassy_gnolls

Notes
Turn   | Place    | Note
-------+----------+-------------------------------------------
     0 | D:1      | spiderkeys the Demonspawn Gladiator began the quest for the
                  | Orb.
     0 | D:1      | Reached XP level 1. HP: 16/16 MP: 1/1
     0 | D:1      | magus.rc [v1.11.3]
   179 | D:1      | Reached skill level 2 in Throwing
   179 | D:1      | Gained mutation: You are partially covered in molten
                  | scales. (AC +2) [demonic ancestry]
   179 | D:1      | Reached XP level 2. HP: 21/22 MP: 2/2
   257 | D:1      | You pick up a book of Flames and begin reading...
   257 | D:1      | You add the spells Inner Flame, Sticky Flame and Flame Wave
                  | to your library.
   339 | D:1      | Reached skill level 3 in Axes
   440 | D:1      | Reached skill level 3 in Dodging
   469 | D:1      | Reached XP level 3. HP: 28/28 MP: 3/3
   836 | D:1      | Found Fumad's Weapon Shop.
   930 | D:2      | You pick up a book of Minor Magic and begin reading...
   930 | D:2      | You add the spells Magic Dart, Call Imp and Mephitic Cloud
                  | to your library.
  2415 | D:3      | Reached skill level 3 in Fighting
  2415 | D:3      | Reached XP level 4. HP: 16/35 MP: 4/4
  2416 | D:3      | HP: 7/35 [gnoll/+0 flail[a gnoll bouda] (6)]
  2417 | D:3      | HP: 2/35 [gnoll/+0 flail[a gnoll bouda] (4)]
  2417 | D:3      | Slain by a gnoll

Vanquished Creatures
  A gnoll bouda (D:3)
  5 orcs (D:3)
  6 endoplasms
  3 giant cockroaches
  4 goblins
  5 hobgoblins
  6 jackals
  3 quokkas (D:1)
  8 ball pythons
  5 bats
  3 frilled lizards (D:1)
  4 kobolds
  A rat (D:2)
54 creatures vanquished.

Table legend:
 A = Non-vault XP
 B = Vault XP
 C = Vault XP percentage of total XP
 D = Non-vault monster count
 E = Vault monster count
 F = Vault count percentage of total count
                 A         B        C        D         E       F
            +---------+---------+-------+---------+---------+-------
      Total |      96 |      37 |  27.8 |      53 |       1 |   1.9
            +---------+---------+-------+---------+---------+-------
        D:1 |      56 |       0 |   0.0 |      32 |       0 |   0.0
        D:2 |      24 |       0 |   0.0 |      15 |       0 |   0.0
        D:3 |      16 |      37 |  69.8 |       6 |       1 |  14.3
            +---------+---------+-------+---------+---------+-------

Skill      XL: |  1  2  3 |
---------------+----------+-----
Throwing       | 2 |  2.5
Axes           | 3 |  3.4
Dodging        | 3 |  3.0
Fighting       | 3 |  3.0
Armour         | |  0.5

Action                     |  1- 3 |  4- 6 || total
---------------------------+-------+-------++-------
  Melee: War axe           |   131 |     3 ||   134
 Armour: Leather armour    |    21 |       ||    21
         Ring mail         |    27 |       ||    27
         Chain mail        |    19 |     4 ||    23
         Skin              |     1 |       ||     1
  Dodge: Dodged            |   105 |     2 ||   107
         Form:             |     1 |       ||     1
         Blade             |     1 |       ||     1

Illustrated notes

Table legend:
 A = Kills in this place as a percentage of kills in the entire game.
 B = Kills by you in this place as a percentage of kills by you in the entire game.
 C = Kills by friends in this place as a percentage of kills by friends in the entire game.
 D = Other kills in this place as a percentage of other kills in the entire game.
 E = Experience gained in this place as a percentage of experience gained in the entire game.
 F = Experience gained in this place divided by the number of levels of this place that you have seen.
                   A       B       C       D       E      F
               +-------+-------+-------+-------+-------+----------------------
         Total | 100.0 | 100.0 |   N/A |   N/A | 100.0 |  44.3
       Dungeon | 100.0 | 100.0 |   N/A |   N/A | 100.0 |  44.3
               +-------+-------+-------+-------+-------+----------------------

Table legend: (Time is in decaauts)
 A = Elapsed time spent in this place.
 B = Non-inter-level travel time spent in this place.
 C = Inter-level travel time spent in this place.
 D = Time resting spent in this place.
 E = Time spent auto-exploring this place.
 F = Levels seen in this place.
 G = Mean time per level.
                   A        B        C        D        E       F      G
               +--------+--------+--------+--------+--------+-----+--------+
         Total |   2463 |   2385 |     78 |    500 |   1525 |   3 |  821.0 |
       Dungeon |   2463 |   2385 |     78 |    500 |   1525 |   3 |  821.0 |
               +--------+--------+--------+--------+--------+-----+--------+

Top non-repeatable levels by time:
     D:2: 1518 daAuts
     D:1: 893 daAuts
     D:3: 51 daAuts
